SAAA
NOLENSVILLE KNIGHTS @ PAWNEE PARKSNREC
09/06/2041
 
TOP OF THE 1ST
Nolensville Knights batting - Pitching for Pawnee ParksNRec : RHP José Pacheco
Pitching: RHP José Pacheco
Batting: RHB Pat Kramer 0-0: Ball
1-0: Fly out, F7 (Flyball, 7D, EV 100.6 MPH)
Batting: RHB Dave Maxwell 0-0: Ball
1-0: Ground out 4-3 (Groundball, 34, EV 88.8 MPH)
Batting: LHB Juan Jimínez 0-0: Ball
1-0: Foul Ball, location: 2F
1-1: SINGLE (Line Drive, 7S, EV 94.4 MPH)
Batting: LHB Ánibal Leobardo 0-0: Called Strike
0-1: Called Strike
0-2: Strikes out swinging
Top of the 1st over - 0 runs, 1 hit, 0 errors, 1 left on base; Nolensville 0 - Pawnee 0
BOTTOM OF THE 1ST
Pawnee ParksNRec batting - Pitching for Nolensville Knights : RHP Carlos Simon
Pitching: RHP Carlos Simon
Batting: RHB Hiroshige Ohashi 0-0: Fly out, F7 (Flyball, 7LM, EV 86.9 MPH)
Batting: RHB Ken Bone 0-0: Fly out, F3 (Line Drive, 3, EV 63.8 MPH)
Batting: LHB Buddy Patton 0-0: Ground out U3 (Groundball, 3, EV 77.5 MPH)
Bottom of the 1st over - 0 runs, 0 hits, 0 errors, 0 left on base; Nolensville 0 - Pawnee 0
TOP OF THE 2ND
Nolensville Knights batting - Pitching for Pawnee ParksNRec : RHP José Pacheco
Batting: RHB Carlos Garza 0-0: Foul Ball, location: 2F
0-1: Ball
1-1: Fly out, F7 (Flyball, 7LDF, EV 104.4 MPH)
Batting: LHB António Escobeda 0-0: Ground out 4-3 (Groundball, 4D, EV 107.5 MPH)
Batting: RHB Juan Perales 0-0: Foul Ball, location: 2F
0-1: Ball
1-1: Ground out 6-3 (Groundball, 56D, EV 101.2 MPH)
Top of the 2nd over - 0 runs, 0 hits, 0 errors, 0 left on base; Nolensville 0 - Pawnee 0
BOTTOM OF THE 2ND
Pawnee ParksNRec batting - Pitching for Nolensville Knights : RHP Carlos Simon
Batting: RHB Josh Mawdesley 0-0: Ball
1-0: Ball
2-0: Ball
3-0: Called Strike
3-1: Called Strike
3-2: Ground out 5-3 (Groundball, 56, EV 84.4 MPH)
Batting: RHB Charles Atkinson 0-0: Ground out 6-3 (Groundball, 4M, EV 101.9 MPH)
Batting: RHB Abel Murphy 0-0: Foul Ball, location: 2F
0-1: Ball
1-1: Ball
2-1: Called Strike
2-2: SINGLE (Line Drive, 8RS, EV 106.9 MPH)
Batting: RHB Igme Padoga 0-0: Swinging Strike
0-1: Swinging Strike
0-2: Ball
1-2: Ball
2-2: Foul Ball, location: 2F
2-2: Ground out 4-3 (Groundball, 4, EV 85.6 MPH)
Bottom of the 2nd over - 0 runs, 1 hit, 0 errors, 1 left on base; Nolensville 0 - Pawnee 0
TOP OF THE 3RD
Nolensville Knights batting - Pitching for Pawnee ParksNRec : RHP José Pacheco
Batting: RHB José García 0-0: Called Strike
0-1: Swinging Strike
0-2: Ball
1-2: SINGLE (Groundball, 34D, EV 104.4 MPH)
Batting: LHB Gidde Collin 0-0: Foul Ball, location: 2F
0-1: Hit by Pitch
José García to second
Batting: RHB Pat Kramer 0-0: Called Strike
0-1: Fly out, F8 (Flyball, 8RXD, EV 97.5 MPH)
Runner from 2nd tags up, SAFE at 3rd, no throw by CF
Batting: RHB Dave Maxwell 0-0: Grounds into double play, 4-6-3 (Groundball, 4, EV 105.0 MPH)
Top of the 3rd over - 0 runs, 1 hit, 0 errors, 1 left on base; Nolensville 0 - Pawnee 0
BOTTOM OF THE 3RD
Pawnee ParksNRec batting - Pitching for Nolensville Knights : RHP Carlos Simon
Batting: RHB Terry Boyle 0-0: Called Strike
0-1: Foul Ball, location: 2F
0-2: Ball
1-2: Ground out 1-3 (Groundball, P, EV 91.2 MPH)
Batting: RHB Germán Pérez 0-0: Ball
1-0: Foul Ball, location: 2F
1-1: Called Strike
1-2: Ground out 5-3 (Groundball, 56, EV 92.5 MPH)
Batting: RHB Hiroshige Ohashi 0-0: Ground out 1-3 (Groundball, 13, EV 90.6 MPH)
Bottom of the 3rd over - 0 runs, 0 hits, 0 errors, 0 left on base; Nolensville 0 - Pawnee 0
TOP OF THE 4TH
Nolensville Knights batting - Pitching for Pawnee ParksNRec : RHP José Pacheco
Batting: LHB Juan Jimínez 0-0: Called Strike
0-1: Ground out 4-3 (Groundball, 4S, EV 93.8 MPH)
Batting: LHB Ánibal Leobardo 0-0: Called Strike
0-1: Foul Ball, location: 2F
0-2: Fly out, F9 (Flyball, 9D, EV 75.0 MPH)
Batting: RHB Carlos Garza 0-0: Ball
1-0: Ball
2-0: SINGLE (Line Drive, 9LM, EV 105.6 MPH)
Batting: LHB António Escobeda 0-0: Ball
1-0: Called Strike
1-1: Called Strike
1-2: Foul Ball, location: 2F
1-2: Strikes out swinging
Top of the 4th over - 0 runs, 1 hit, 0 errors, 1 left on base; Nolensville 0 - Pawnee 0
BOTTOM OF THE 4TH
Pawnee ParksNRec batting - Pitching for Nolensville Knights : RHP Carlos Simon
Batting: RHB Ken Bone 0-0: Ground out 6-3 (Groundball, 6, EV 86.9 MPH)
Batting: LHB Buddy Patton 0-0: Called Strike
0-1: Ball
1-1: Ball
2-1: Hit by Pitch
Batting: RHB Josh Mawdesley 0-0: Grounds into double play, 6-4-3 (Groundball, 6, EV 101.9 MPH)
Bottom of the 4th over - 0 runs, 0 hits, 0 errors, 0 left on base; Nolensville 0 - Pawnee 0
TOP OF THE 5TH
Nolensville Knights batting - Pitching for Pawnee ParksNRec : RHP José Pacheco
Batting: RHB Juan Perales 0-0: Called Strike
0-1: Swinging Strike
0-2: Foul Ball, location: 2F
0-2: Strikes out swinging
Batting: RHB José García 0-0: Swinging Strike
0-1: Foul Ball, location: 2F
0-2: Ball
1-2: Ground out 4-3 (Groundball, 4S, EV 85.6 MPH)
Batting: LHB Gidde Collin 0-0: Foul Ball, location: 2F
0-1: Ball
1-1: Ball
2-1: Fly out, F8 (Flyball, 89S, EV 73.8 MPH)
Top of the 5th over - 0 runs, 0 hits, 0 errors, 0 left on base; Nolensville 0 - Pawnee 0
BOTTOM OF THE 5TH
Pawnee ParksNRec batting - Pitching for Nolensville Knights : RHP Carlos Simon
Batting: RHB Charles Atkinson 0-0: Ball
1-0: SINGLE (Line Drive, 4M, EV 101.2 MPH)
Batting: RHB Abel Murphy 0-0: Bunted foul
0-1: Bunt - Flyout to 13! F1
Batting: RHB Igme Padoga 0-0: Fly out, F5 (Popup, 5DF, EV 53.8 MPH)
Batting: RHB Terry Boyle 0-0: Called Strike
0-1: Ball
1-1: Swinging Strike
1-2: Strikes out swinging
Bottom of the 5th over - 0 runs, 1 hit, 0 errors, 1 left on base; Nolensville 0 - Pawnee 0
TOP OF THE 6TH
Nolensville Knights batting - Pitching for Pawnee ParksNRec : RHP José Pacheco
Batting: RHB Pat Kramer 0-0: Ball
1-0: Ball
2-0: Foul Ball, location: 2F
2-1: Foul Ball, location: 2F
2-2: Foul Ball, location: 2F
2-2: Ball
3-2: Base on Balls
Batting: RHB Dave Maxwell 0-0: Sac Bunt to 2R - play at first, batter OUT! 2-4
Pat Kramer to second
Batting: LHB Juan Jimínez 0-0: Ground out U3 (Groundball, 3, EV 77.5 MPH)
Pat Kramer to third
Batting: LHB Ánibal Leobardo 0-0: Ball
1-0: Ball
2-0: Ball
3-0: Called Strike
3-1: Called Strike
3-2: Foul Ball, location: 2F
3-2: Foul Ball, location: 2F
3-2: Base on Balls
Batting: RHB Carlos Garza 0-0: Called Strike
0-1: Swinging Strike
0-2: Strikes out swinging
Top of the 6th over - 0 runs, 0 hits, 0 errors, 2 left on base; Nolensville 0 - Pawnee 0
BOTTOM OF THE 6TH
Pawnee ParksNRec batting - Pitching for Nolensville Knights : RHP Carlos Simon
Batting: RHB Germán Pérez 0-0: Fly out, F8 (Flyball, 8RM, EV 97.5 MPH)
Batting: RHB Hiroshige Ohashi 0-0: Called Strike
0-1: Ball
1-1: Ball
2-1: Fly out, F9 (Flyball, 89S, EV 86.9 MPH)
Batting: RHB Ken Bone 0-0: Called Strike
0-1: Called Strike
0-2: Ball
1-2: Ball
2-2: Strikes out swinging
Bottom of the 6th over - 0 runs, 0 hits, 0 errors, 0 left on base; Nolensville 0 - Pawnee 0
TOP OF THE 7TH
Nolensville Knights batting - Pitching for Pawnee ParksNRec : RHP José Pacheco
Batting: LHB António Escobeda 0-0: Ground out 1-3 (Groundball, P, EV 76.9 MPH)
Batting: RHB Juan Perales 0-0: Ball
1-0: Ball
2-0: Fly out, F8 (Line Drive, 8LD, EV 86.2 MPH)
Batting: RHB José García 0-0: Called Strike
0-1: Hit by Pitch
Batting: LHB Gidde Collin 0-0: Fly out, F8 (Flyball, 8LS, EV 85.6 MPH)
Top of the 7th over - 0 runs, 0 hits, 0 errors, 1 left on base; Nolensville 0 - Pawnee 0
BOTTOM OF THE 7TH
Pawnee ParksNRec batting - Pitching for Nolensville Knights : RHP Carlos Simon
Batting: LHB Buddy Patton 0-0: Ball
1-0: Called Strike
1-1: Foul Ball, location: 2F
1-2: Ball
2-2: Strikes out swinging
Batting: RHB Josh Mawdesley 0-0: Ball
1-0: Foul Ball, location: 2F
1-1: Foul Ball, location: 2F
1-2: Ground out 5-3 (Groundball, 56, EV 100.0 MPH)
Batting: RHB Charles Atkinson 0-0: Called Strike
0-1: Called Strike
0-2: Ball
1-2: Ball
2-2: Ball
3-2: SINGLE (Line Drive, 89M, EV 93.8 MPH)
Batting: RHB Abel Murphy 0-0: Called Strike
0-1: Reached on error, E4 (Groundball, 4, EV 93.1 MPH)
Charles Atkinson to third
Batting: RHB Igme Padoga 0-0: Called Strike
0-1: Foul Ball, location: 2F
0-2: 3-RUN HOME RUN (Flyball, 89XD, EV 93.1 MPH), Distance : 416 ft
Batting: RHB Terry Boyle 0-0: Ground out 4-3 (Groundball, 4, EV 87.5 MPH)
Bottom of the 7th over - 3 runs, 2 hits, 1 error, 0 left on base; Nolensville 0 - Pawnee 3
TOP OF THE 8TH
Nolensville Knights batting - Pitching for Pawnee ParksNRec : RHP José Pacheco
Batting: RHB Pat Kramer 0-0: Called Strike
0-1: Ball
1-1: Ball
2-1: Swinging Strike
2-2: Strikes out swinging
Batting: RHB Dave Maxwell 0-0: Ball
1-0: Called Strike
1-1: Ball
2-1: Swinging Strike
2-2: Foul Ball, location: 2F
2-2: Ball
3-2: Base on Balls
Batting: LHB Juan Jimínez 0-0: Ball
1-0: Foul Ball, location: 2F
1-1: Foul Ball, location: 2F
1-2: Foul Ball, location: 2F
1-2: SINGLE (Groundball, 4D, EV 98.8 MPH)
Dave Maxwell to second
Runner from 2nd tries for 3rd, SAFE, throw by CF made to third
Pitching: RHP Cédric Dupré
Batting: LHB Ánibal Leobardo 0-0: Called Strike
0-1: Ball
1-1: Foul Ball, location: 2F
1-2: Strikes out looking
Batting: RHB Carlos Garza 0-0: Ball
1-0: SINGLE (Line Drive, 6M, EV 96.2 MPH)
Dave Maxwell scores
Juan Jimínez to second
Pinch Runner at 2nd Mitchell Pate:
Batting: LHB António Escobeda 0-0: DOUBLE (Groundball, 3L, EV 106.2 MPH)
Mitchell Pate scores
Carlos Garza to third
Pitching: RHP Aiden Dubhghall
Batting: RHB Juan Perales 0-0: Called Strike
0-1: Foul Ball, location: 2F
0-2: Strikes out looking
Top of the 8th over - 2 runs, 3 hits, 0 errors, 2 left on base; Nolensville 2 - Pawnee 3
BOTTOM OF THE 8TH
Pawnee ParksNRec batting - Pitching for Nolensville Knights : RHP Carlos Simon
Now in LF: Mitchell Pate
Batting: RHB Germán Pérez 0-0: Ball
1-0: Swinging Strike
1-1: Swinging Strike
1-2: SINGLE (Groundball, 4D, EV 98.8 MPH)
Batting: RHB Hiroshige Ohashi 0-0: Sac Bunt to 25 - play at first, batter OUT! 5-4
Germán Pérez to second
Batting: RHB Ken Bone 0-0: SINGLE (Groundball, 34S, EV 80.6 MPH) (infield hit)
Germán Pérez to third
Batting: LHB Buddy Patton 0-0: Ball
1-0: Foul Ball, location: 2F
1-1: Fly out, F9 (Flyball, 9, EV 88.8 MPH)
Runner from 3rd tags up, SCORES, throw by RF
Batting: RHB Josh Mawdesley 0-0: Ball
1-0: Called Strike
1-1: Ball
2-1: Foul Ball, location: 2F
2-2: Ball
3-2: SINGLE (Flyball, 89M, EV 85.0 MPH)
Ken Bone to second
Ken Bone to third
Batting: RHB Charles Atkinson 0-0: Ball
1-0: Ball
2-0: Called Strike
2-1: Foul Ball, location: 2F
2-2: Fielders Choice at 2nd, U4 (Groundball, 4M, EV 108.8 MPH)
Bottom of the 8th over - 1 run, 3 hits, 0 errors, 2 left on base; Nolensville 2 - Pawnee 4
TOP OF THE 9TH
Nolensville Knights batting - Pitching for Pawnee ParksNRec : RHP Aiden Dubhghall
Pitching: LHP Henry Davis
Now at 1B: Manuel Acosta
Batting: RHB José García 0-0: Fly out, F7 (Flyball, 7LS, EV 82.5 MPH)
Batting: LHB Gidde Collin 0-0: Fly out, F8 (Flyball, 8RD, EV 97.5 MPH)
Batting: RHB Pat Kramer 0-0: Ground out 5-3 (Groundball, 56, EV 81.9 MPH)
Top of the 9th over - 0 runs, 0 hits, 0 errors, 0 left on base; Nolensville 2 - Pawnee 4
Tuesday, January 5th, 2021 - OOTP Baseball 20.8 Build 74